 Dungeon Crawl Stone Soup version 0.29-a0-90-gc37658a0fe (webtiles) character file.

Game seed: 2300304883175799113

324 lordive the Cutter (level 6, -8/32 HPs)
             Began as a Spriggan Abyssal Knight on Feb 6, 2022.
             Was a Believer of Lugonu.
             Mangled by a gnoll (14 damage)
             ... on level 3 of the Dungeon.
             The game lasted 00:09:12 (7637 turns).

lordive the Cutter (Spriggan Abyssal Knight)        Turns: 7637, Time: 00:09:12

Health: -8/32      AC:  2    Str:  9    XL:     6   Next: 23%
Magic:  7/10       EV: 18    Int: 17    God:    Lugonu [**....]
Gold:   65         SH:  0    Dex: 16    Spells: 7/10 levels left

rFire   + . .      SeeInvis +   a - +1 short sword
rCold   . . .      Faith    .   (no shield)
rNeg    + . .      Spirit   .   b - +0 robe
rPois   .          Reflect  .   (helmet restricted)
rElec   .          Harm     .   (no cloak)
rCorr   .          Rampage  .   (gloves unavailable)
Will    +....                   (boots unavailable)
Stlth   ++........              (no amulet)
HPRegen 0.10/turn               j - ring of the Freezing Jester {rF+ rN+ Int+4}
MPRegen 0.12/turn               (no ring)

@: very quick
A: very small, no large weapons, unfitting armour, see invisible, speed 3
a: Renounce Religion, Depart the Abyss, Bend Space


You were on level 3 of the Dungeon.
You worshipped Lugonu.
Lugonu was pleased with you.
You visited 1 branch of the dungeon, and saw 4 of its levels.
You visited the Abyss 1 time.

You collected 65 gold pieces.

Inventory:

Hand Weapons
 a - a +1 short sword (weapon)
Armour
 b - a +0 robe (worn)
Jewellery
 j - the ring of the Freezing Jester (left hand) {rF+ rN+ Int+4}
   (You found it on level 3 of the Dungeon)

   [ring of positive energy]

   Int:       It affects your intelligence (+4).
   rF:        It protects you from fire.
   rN:        It protects you from negative energy.
Wands
 l - a wand of iceblast (6)
Scrolls
 d - 3 scrolls of identify {unknown}
 e - 2 scrolls of teleportation {unknown}
 h - 3 scrolls of vulnerability {unknown}
 i - a scroll of enchant armour {unknown}
Potions
 c - 2 potions of cancellation {unknown}
 f - a potion of curing {unknown}
 g - a potion of brilliance {unknown}
 k - a potion of heal wounds {unknown}


   Skills:
 * Level 3.1 Fighting
 + Level 4.4 Short Blades
 * Level 4.2 Dodging
 + Level 1.9 Stealth
 * Level 2.6 Spellcasting
 * Level 1.3 Conjurations
 * Level 2.7 Invocations


You had 7 spell levels left.
You knew the following spells:

 Your Spells              Type           Power      Damage    Failure   Level
a - Magic Dart            Conj           24%        1d4       11%         1
b - Searing Ray           Conj           12%        2d4       16%         2

Your spell library contained the following spells:

 Spells                   Type           Power      Damage    Failure   Level
 Scorch                   Fire           4%         2d5       28%         2
 Dazzling Flash           Conj/Hex       8%         N/A       38%         3
 Flame Wave               Conj/Fire      4%         2d5       80%         4
 Fulminant Prism          Conj/Hex       2%         3d6       80%         4
 Iskenderun's Mystic Bla  Conj/Tloc      4%         2d3       80%         4
 Starburst                Conj/Fire      2%         6d3       100%        6
 Summon Cactus Giant      Summ           1%         N/A       100%        6


Dungeon Overview and Level Annotations

Branches:
Dungeon (4/15)
 Temple: D:4-7

Altars:
Nemelex Xobeh

Shops:
D:2 (


Innate Abilities, Weirdness & Mutations

You are very small and have problems with some larger weapons.
You are too small for most types of armour.
You have supernaturally acute eyesight. (SInv)
You cover ground extremely quickly. (Speed+++)


Message History

The gnoll is severely wounded. (Press . to maintain the ray.) Unknown command.
The searing ray hits the gnoll!
You kill the gnoll!
Lugonu accepts your kill.
Unknown command.
You start resting.
Magic restored.
You start resting.
HP restored.
There is a stone staircase leading down here.
You see here a necrophage skeleton.
You climb downwards.
A hound comes into view.
The gnoll hits you with a +1 vorpal flail.
The gnoll hits you with a +0 club. The gnoll misses you.
There is a stone staircase leading up, spattered with blood here.
The gnoll hits you with a +0 club!
The gnoll hits you with a +1 vorpal flail!
* * * LOW HITPOINT WARNING * * *
x2 You climb upwards.
There is a stone staircase leading down here.
You see here a necrophage skeleton.
Unknown command.
Unknown command.
Casting: Searing Ray (safe; 16% risk of failure)
Confirm with . or Enter, or press ? or * to list all spells.
Aiming: Searing Ray (safe; 16% risk of failure)
Press: ? - help, Shift-Dir - straight line, f - gnoll
Aim: a gnoll, wielding a +1 vorpal flail (77% to hit)
The searing ray hits the gnoll.
The gnoll is moderately wounded. (Press . to maintain the ray.)
The gnoll misses you. The gnoll completely misses you.
The searing ray hits the gnoll.
The gnoll is heavily wounded.
The gnoll barely misses you.
The gnoll hits you with a +1 vorpal flail!
You die...

#.#
#.....g.........##....
#.#
#g#######.###.#)#####.
#.# #.# #.# #.#.# #.
#.####.#######.###.#.#
##.
#.........)...g....#.#
#..
######.#######.#####.#
##.. #.# #.# #.# #...
#.#######.# #.# #...
#.?.g@g...# #.# #...
########### #.###...
###.##.... #)........
#......... #.........
#......... #.........
######...#


You could see 2 gnolls.

Vanquished Creatures
  A necrophage (D:3)
  A scorpion (D:4)
  4 gnolls
  4 adders
  A white imp (D:4)
  2 worms
  3 dart slugs
  7 orcs
  8 endoplasms
  7 goblins
  8 hobgoblins
  7 jackals
  7 kobolds
  4 quokkas
  7 ball pythons
  5 bats
  A frilled lizard (D:2)
  2 rats (D:2)
79 creatures vanquished.

Vanquished Creatures (others)
  A rat (D:2)
1 creature vanquished.

Grand Total: 80 creatures vanquished

Notes
Turn   | Place    | Note
-------+----------+-------------------------------------------
     0 | Abyss:1  | lordive the Spriggan Abyssal Knight began the quest for the
                  | Orb.
     0 | Abyss:1  | Reached XP level 1. HP: 11/11 MP: 3/3
   145 | Abyss:1  | Noticed a wretched star
   149 | D:1      | Escaped the Abyss
   213 | D:1      | Reached * piety under Lugonu
   572 | D:1      | Reached XP level 2. HP: 9/16 MP: 4/4
   713 | D:1      | Found a faded altar of an unknown god.
  1290 | D:2      | Found a sparkling altar of Nemelex Xobeh.
  1383 | D:2      | Reached XP level 3. HP: 10/19 MP: 5/5
  2482 | D:2      | Reached skill level 1 in Spellcasting
  2859 | D:2      | Reached ** piety under Lugonu
  2892 | D:2      | Found Jextaog's Antique Weapon Emporium.
  3682 | D:3      | Reached XP level 4. HP: 21/23 MP: 6/6
  4064 | D:3      | Identified the ring of the Freezing Jester {rF+ rN+ Int+4}
  4379 | D:2      | Learned a level 1 spell: Magic Dart
  5015 | D:2      | Reached skill level 1 in Stealth
  6099 | D:3      | Reached XP level 5. HP: 21/28 MP: 8/8
  6257 | D:3      | Noticed a phantom
  6373 | D:2      | Learned a level 2 spell: Searing Ray
  6813 | D:3      | Reached skill level 1 in Conjurations
  7076 | D:4      | Noticed a necrophage
  7076 | D:4      | Noticed a water moccasin
  7218 | D:3      | Killed a necrophage
  7344 | D:4      | Reached XP level 6. HP: 18/32 MP: 1/10
  7637 | D:3      | Mangled by a gnoll

Illustrated notes

Levels and vault maps discovered:
D:1:      dpeg_arrival_rooms_c, layout_basic, ebering_ecumenical_altar_box,
          lemuel_another_geyser
D:2:      layout_basic, serial_shops, shop, basic_altar,
          kennysheep_generic_room_4
D:3:      minmay_door_path, layout_loops_ring, hangedman_feature_mirror,
          minmay_statues_item, kennysheep_boxes
D:4:      layout_cave_pools, minmay_fire_ice_demons

Skill      XL: |  1  2  3  4  5 |
---------------+----------------+-----
Invocations    | 2 |  2.7
Short Blades   | 3 4 |  4.4
Spellcasting   | 1 2 |  2.6
Dodging        | 4 |  4.2
Fighting       | 3 |  3.1
Stealth        | 1 |  1.9
Conjurations   | 1 |  1.3

Action                   |  1- 3 |  4- 6 || total
-------------------------+-------+-------++-------
Melee: Short sword       |   182 |   143 ||   325
       Punch             |     4 |     3 ||     7
 Cast: Magic Dart        |       |    59 ||    59
       Searing Ray       |       |     5 ||     5
Invok: Depart the Abyss  |     1 |       ||     1
 Stab: Sleeping          |     3 |     3 ||     6
Armor: Robe              |     9 |     8 ||    17
Dodge: Dodged            |   154 |   118 ||   272

Table legend: (Time is in decaauts)
 A = Elapsed time spent in this place.
 B = Non-inter-level travel time spent in this place.
 C = Inter-level travel time spent in this place.
 D = Time resting spent in this place.
 E = Time spent auto-exploring this place.
 F = Levels seen in this place.
 G = Mean time per level.
                   A        B        C        D        E       F      G
               +--------+--------+--------+--------+--------+-----+--------+
         Total |   6419 |   6263 |    156 |   2661 |   2535 |   5 | 1283.8 |
       Dungeon |   6328 |   6172 |    156 |   2661 |   2447 |   4 | 1582.0 |
         Abyss |     91 |     91 |      0 |      0 |     88 |   1 |   91.0 |
               +--------+--------+--------+--------+--------+-----+--------+

Top non-repeatable levels by time:
     D:2: 3366 daAuts
     D:3: 2091 daAuts
     D:1: 734 daAuts
     D:4: 136 daAuts
 Abyss:1: 91 daAuts
